 Dungeon Crawl Stone Soup version 0.29-a0-284-gf9362112df (webtiles) character file.

Game seed: 8744876637198849948

3455 oldriver the Archer (level 10, 0/99 HPs)
             Began as a Naga Hunter on Mar 22, 2022.
             Slain by a human (6 damage)
             ... on level 7 of the Dungeon.
             The game lasted 00:07:13 (5702 turns).

oldriver the Archer (Naga Hunter)                   Turns: 5702, Time: 00:07:14

Health: 0/99       AC:  4    Str: 13    XL:     10   Next: 6%
Magic:  10/10      EV:  9    Int: 10    God:
Gold:   433        SH:  5    Dex: 19    Spells: 9/9 levels left

rFire   . . .      SeeInvis +   a - +3 shortbow
rCold   . . .      Faith    .   (shield currently unavailable)
rNeg    . . .      Spirit   .   b - +0 leather armour
rPois   +          Reflect  +   (no helmet)
rElec   .          Harm     .   (no cloak)
rCorr   .          Rampage  .   (no gloves)
Will    +....                   (no barding)
Stlth   ++++......              n - amulet of reflection
HPRegen 0.26/turn               e - +4 ring of slaying
MPRegen 0.12/turn               (no ring)

@: very slow
A: AC +3, large, see invisible, deformed body, poison resistance, slowness 2,
spit poison 1, naga tail 1
a: Spit Poison


You were on level 7 of the Dungeon.
You visited 1 branch of the dungeon, and saw 7 of its levels.

You collected 433 gold pieces.

Inventory:

Hand Weapons
 a - a +3 shortbow (weapon)
 h - a +0 dagger of venom
Armour
 b - a +0 leather armour (worn)
Jewellery
 e - a +4 ring of slaying (left hand)
 n - an amulet of reflection (around neck)
Wands
 j - a wand of charming (7)
 q - a wand of flame (7)
Scrolls
 c - 3 scrolls of immolation
 f - 3 scrolls of identify
 i - 4 scrolls of teleportation
 k - 2 scrolls of amnesia
 r - a scroll of fear
 t - a scroll of fog
Potions
 d - 2 potions of flight
 g - 2 potions of cancellation
 l - a potion of invisibility
 m - a potion of mutation
 o - a potion of attraction


   Skills:
 + Level 9.2 Fighting
 * Level 12.1 Bows
 - Level 1.5 Dodging
 + Level 8.3 Stealth


You had 9 spell levels left.
You didn't know any spells.
Your spell library contained the following spells:

 Spells                   Type           Power      Damage    Failure   Level
 Corpse Rot               Necr/Air       0%         N/A       58%         2
 Ensorcelled Hibernation  Hex/Ice        0%         N/A       58%         2
 Passwall                 Tmut/Erth      0%         N/A       58%         2
 Poisonous Vapours        Pois/Air       0%         N/A       58%         2
 Gell's Gravitas          Tloc           0%         N/A       82%         3
 Lesser Beckoning         Tloc           0%         N/A       82%         3
 Swiftness                Air            0%         N/A       82%         3
 Teleport Other           Tloc           0%         N/A       82%         3


Dungeon Overview and Level Annotations

Branches:
Dungeon (7/15)
 Temple: D:4-7

Altars:

Annotations:
D:3 2 runed translucent doors, spaghetti's ghost, weakling DsEE
D:5 3 runed translucent doors, horus123's ghost, amateur DENe


Innate Abilities, Weirdness & Mutations

Your serpentine skin is tough. (AC +3)
You have supernaturally acute eyesight. (SInv)
Armour fits poorly on your strangely shaped body.
Your system is resistant to poisons. (rPois)
You cover ground very slowly.
You can spit poison.
You have a snake-like lower body.


Message History

Press: ? - help, Shift-Dir - straight line, f - human
Aim: a human, wearing a +0 animal skin (51% to hit)
The splash of poison hits the human!
The human is heavily wounded.
The human hits you with a +0 club. The human hits you with a +0 mace!
The human hits you but does no damage.
You are too injured to fight recklessly!
Shoot: a) +3 shortbow
Press: ? - help, Shift-Dir - straight line, f/p - human
Aim: a human, wearing a +0 animal skin (heavily wounded, 68% to hit)
You shoot an arrow. The arrow hits the human!
The human is severely wounded.
The human barely misses you. The human hits you with a +0 mace.
The human closely misses you.
Shoot: a) +3 shortbow
Press: ? - help, Shift-Dir - straight line, f/p - human
Aim: a human, wearing a +0 animal skin (severely wounded, 68% to hit)
You shoot an arrow. The arrow barely misses the human.
The human hits you but does no damage. The human hits you with a +0 mace!
* * * LOW HITPOINT WARNING * * *
The human barely misses you.
Shoot: a) +3 shortbow
Press: ? - help, Shift-Dir - straight line, f/p - human
Aim: a human, wearing a +0 animal skin (severely wounded, 68% to hit)
You shoot an arrow. The arrow closely misses the human.
You block the human's attack. x2; The human barely misses you.
Unknown command.
It was a potion of magic.
Magic courses through your body.
You have got your breath back.
You block the human's attack. The human hits you with a +0 mace!
* * * LOW HITPOINT WARNING * * *
The human hits you!
* * * LOW HITPOINT WARNING * * *
Unknown command.
It was a potion of curing.
You feel better. The human hits you with a +0 club!
* * * LOW HITPOINT WARNING * * *
The human hits you with a +0 mace.
* * * LOW HITPOINT WARNING * * *
The human hits you.
You die...

##..........?.#
..............#
...............
...............
#..............
#..............
#.....p)..$....
#.....p@†).....
#.....p........
##+############


You could see 3 humans.

Vanquished Creatures
  A human (D:7)
  A wyvern (D:7)
  A steam dragon (D:5)
  Menkaure (D:5)
  Duvessa (D:5)
  2 sky beasts (D:6)
  2 black bears
  An ogre (D:6)
  A phantom (D:4)
  2 bullfrogs (D:6)
  2 scorpions (D:5)
  5 wights
  Dowan (D:5)
  2 hounds (D:5)
  5 jellies
  2 gnoll shamans (D:6)
  Terence (D:3)
  Ijyb (D:5)
  6 iguanas
  8 orc wizards
  12 gnolls
  6 adders
  13 river rats (D:6)
  A white imp (D:5)
  3 worms
  17 orcs
  5 ball pythons
  4 endoplasms
  3 giant cockroaches
  9 goblins
  2 hobgoblins (D:3)
  5 jackals
  6 kobolds
  12 quokkas
  5 bats
  A frilled lizard (D:3)
  21 rats
171 creatures vanquished.

Notes
Turn   | Place    | Note
-------+----------+-------------------------------------------
     0 | D:1      | oldriver the Naga Hunter began the quest for the Orb.
     0 | D:1      | Reached XP level 1. HP: 19/19 MP: 1/1
   131 | D:1      | Reached XP level 2. HP: 25/26 MP: 2/2
   853 | D:2      | Reached skill level 4 in Bows
   853 | D:2      | Reached XP level 3. HP: 21/33 MP: 3/3
  1099 | D:2      | Found a faded altar of an unknown god.
  1520 | D:2      | Reached XP level 4. HP: 40/40 MP: 4/4
  2041 | D:3      | Found a large runed translucent door.
  2041 | D:3      | Found a large runed translucent door.
  2045 | D:3      | Noticed spaghetti's ghost (weakling DsEE)
  2090 | D:3      | Reached XP level 5. HP: 49/49 MP: 5/5
  2172 | D:3      | Noticed Terence
  2178 | D:3      | Killed Terence
  2842 | D:4      | Reached skill level 5 in Bows
  3000 | D:4      | Noticed a phantom
  3008 | D:4      | Killed a phantom
  3009 | D:4      | Reached XP level 6. HP: 45/56 MP: 6/6
  3590 | D:5      | Entered Level 5 of the Dungeon
  3590 | D:5      | Noticed Duvessa
  3590 | D:5      | Noticed Dowan
  3590 | D:5      | Noticed a black bear
  3629 | D:5      | Noticed Ijyb
  3634 | D:5      | Killed Ijyb
  3635 | D:5      | Reached skill level 5 in Stealth
  3802 | D:5      | Reached XP level 7. HP: 40/64 MP: 7/7
  3853 | D:5      | Reached skill level 6 in Bows
  3945 | D:5      | Killed Duvessa
  3951 | D:5      | Killed Dowan
  4105 | D:5      | Noticed a steam dragon
  4113 | D:5      | Reached skill level 11 in Bows
  4113 | D:5      | Reached XP level 8. HP: 29/70 MP: 8/8
  4205 | D:5      | Noticed Menkaure
  4212 | D:5      | Killed Menkaure
  4339 | D:5      | Reached XP level 9. HP: 84/85 MP: 9/9
  4483 | D:5      | Found a runed translucent gate.
  4483 | D:5      | Found a runed translucent gate.
  4484 | D:5      | Found a runed translucent gate.
  4728 | D:5      | Noticed horus123's ghost (amateur DENe)
  5471 | D:6      | Reached skill level 12 in Bows
  5691 | D:7      | Reached XP level 10. HP: 63/99 MP: 10/10
  5702 | D:7      | Slain by a human

Illustrated notes

Levels and vault maps discovered:
D:1:      eino_arrival_cavern_b, layout_basic
D:2:      layout_basic, hellmonk_ecumenical_altar_pennies_from_heaven,
          corexii_hall_statues_l
D:3:      layout_basic, ebering_ghost_disaster_area, uniq_terence
D:4:      layout_gridville
D:5:      layout_rooms, gammafunk_ghost_icy, uniq_duvessa, uniq_ijyb,
          uniq_menkaure
D:6:      lemuel_ratsnest, layout_rooms
D:7:      layout_gridville, nicolae_hepliaklqana_monster_ancestors,
          minmay_temple_entry_glassed_door, enter_bailey_2, minmay_ruffians

Skill      XL: |  1  2  3  4  5  6  7  8  9 |
---------------+----------------------------+-----
Stealth        | 2 3 4 5 6 8 |  8.3
Bows           | 4 5 11 12 | 12.1
Fighting       | 3 4 8 9 |  9.2
Dodging        | |  1.5

Action                   |  1- 3 |  4- 6 |  7- 9 | 10-12 || total
-------------------------+-------+-------+-------+-------++-------
 Fire: Shortbow          |    55 |   101 |   240 |     9 ||   405
 Abil: Spit Poison       |     1 |     1 |     2 |     1 ||     5
Evoke: Wand              |       |       |     1 |       ||     1
  Use: Scroll            |       |     8 |     7 |       ||    15
       Potion            |       |       |     4 |     2 ||     6
Armor: Leather armour    |     1 |     3 |     2 |     2 ||     8
       Skin              |       |       |    23 |       ||    23
Dodge: Dodged            |     1 |     4 |    16 |     8 ||    29
Block: Other             |       |     4 |    10 |     7 ||    21
       Reflection        |       |       |     1 |       ||     1

Table legend: (Time is in decaauts)
 A = Elapsed time spent in this place.
 B = Non-inter-level travel time spent in this place.
 C = Inter-level travel time spent in this place.
 D = Time resting spent in this place.
 E = Time spent auto-exploring this place.
 F = Levels seen in this place.
 G = Mean time per level.
                   A        B        C        D        E       F      G
               +--------+--------+--------+--------+--------+-----+--------+
         Total |   7300 |   7022 |    278 |    808 |   5250 |   7 | 1042.9 |
       Dungeon |   7300 |   7022 |    278 |    808 |   5250 |   7 | 1042.9 |
               +--------+--------+--------+--------+--------+-----+--------+

Top non-repeatable levels by time:
     D:2: 1521 daAuts
     D:5: 1429 daAuts
     D:4: 1124 daAuts
     D:3: 1089 daAuts
     D:6: 1065 daAuts
     D:1: 1051 daAuts
     D:7: 18 daAuts
